 Dungeon Crawl Stone Soup version 0.28-a0-793-g31680bbd8b (webtiles) character file.

Game seed: 2246430068159720976

36 ytrimaz the Skirmisher (level 3, 14/29 HPs)
             Began as a Demonspawn Fighter on Nov 3, 2021.
             Quit the game on level 2 of the Dungeon.
             The game lasted 00:01:29 (1297 turns).

ytrimaz the Skirmisher (Demonspawn Fighter)         Turns: 1297, Time: 00:01:29

Health: 14/29      AC:  6    Str: 17    XL:     3   Next: 19%
Magic:  3/3        EV:  9    Int:  9    God:
Gold:   95         SH:  4    Dex: 12    Spells: 2/2 levels left

rFire   . . .      SeeInvis .   a - +0 rapier
rCold   . . .      Faith    .   c - +0 buckler
rNeg    . . .      Spirit   .   b - +0 scale mail
rPois   .          Reflect  .   (helmet restricted)
rElec   .          Harm     .   (no cloak)
rCorr   .          Rampage  .   (no gloves)
Will    .....                   (no boots)
Stlth   ..........              (no amulet)
HPRegen 0.09/turn               (no ring)
MPRegen 0.08/turn               (no ring)

@: no status effects
A: horns 1, demonic magic 1
a: no special abilities


You were on level 2 of the Dungeon.
You visited 1 branch of the dungeon, and saw 2 of its levels.

You collected 95 gold pieces.

Inventory:

Hand Weapons
 a - a +0 rapier (weapon)
Armour
 b - a +0 scale mail (worn)
 c - a +0 buckler (worn)
Scrolls
 f - 2 scrolls of identify {unknown}
Potions
 d - a potion of might
 e - 2 potions of lignification {unknown}
 g - a potion of flight {unknown}


   Skills:
 * Level 3.4 Fighting
 - Level 1.8 Short Blades
 * Level 3.1 Armour
 * Level 0.5 Dodging
 * Level 3.0 Shields


You had 2 spell levels left.
You didn't know any spells.
Your spell library contained the following spells:

 Spells                   Type           Power      Damage    Failure   Level
 Corpse Rot               Necr/Air       0%         N/A       92%         2
 Poisonous Vapours        Pois/Air       0%         N/A       92%         2
 Sublimation of Blood     Necr           0%         N/A       92%         2
 Wereblood                Tmut           0%         N/A       92%         2
 Summon Hydra             Summ           0%         N/A       100%        7


Dungeon Overview and Level Annotations

Branches:
Dungeon (2/15)

Altars:

Shops:
D:2 =


Innate Abilities, Weirdness & Mutations

You have a pair of small horns on your head.
Spells you cast may paralyse adjacent enemies.


Message History

You are too injured to fight recklessly!
You are too injured to fight recklessly!
You are too injured to fight recklessly!
You are too injured to fight recklessly!
You are too injured to fight recklessly!
You are too injured to fight recklessly!
Unknown command.
You are too injured to fight recklessly!
You hit the kobold.
You kill the kobold!
You block the goblin's attack. The goblin hits you with a +0 dagger.
Things that are here:
a +0 short sword; 4 stones; a kobold corpse The goblin closely misses you.
You see here a pink potion.
You closely miss the goblin. The goblin hits you but does no damage.
You closely miss the goblin. You block the goblin's attack.
You closely miss the goblin. The goblin hits you but does no damage.
The goblin barely misses you.
You hit the goblin. Your headbutt misses the goblin.
The goblin is heavily wounded.
You block the goblin's attack.
You barely miss the goblin.
The goblin is heavily wounded.
The goblin hits you but does no damage.
You barely miss the goblin. Your headbutt misses the goblin.
The goblin is heavily wounded.
The goblin barely misses you.
You barely miss the goblin.
The goblin is heavily wounded.
The goblin hits you but does no damage.
You hit the goblin. You headbutt the goblin.
You kill the goblin!
Items here: ( )) †.
Items here: ( )) †.
e - 2 pink potions (gained 1)
There is an entrance to Darugowa's Jewellery Shoppe here.
Unknown command.
Are you sure you want to abandon this character and quit the game? (Confirm with "yes".)

....### .....
#...# #...#
#...#### #
.######..∩.∩.#.#
#..............#
.........@.∩...#
##.....).......#
######.).######
#...# #...# #...#
##########...#
#.......###.#####
#. #.#####.#
#.##.. ...


There were no monsters in sight!

Vanquished Creatures
  2 dart slugs (D:1)
  2 endoplasms (D:1)
  6 goblins
  4 hobgoblins (D:1)
  2 jackals (D:2)
  4 ball pythons
  A frilled lizard (D:1)
  4 kobolds
  4 rats
29 creatures vanquished.

Notes
Turn   | Place    | Note
-------+----------+-------------------------------------------
     0 | D:1      | ytrimaz the Demonspawn Fighter began the quest for the Orb.
     0 | D:1      | Reached XP level 1. HP: 18/18 MP: 1/1
     2 | D:1      | Noticed a naga
     2 | D:1      | Noticed a tengu
     4 | D:1      | Noticed an ogre
     4 | D:1      | Noticed a gargoyle
     6 | D:1      | Noticed a draconian
     8 | D:1      | Noticed a demigod
     8 | D:1      | Noticed a ghoul
    10 | D:1      | Noticed a minotaur
    12 | D:1      | Noticed a felid
    12 | D:1      | Noticed a spriggan
    14 | D:1      | Noticed an octopode
    16 | D:1      | Noticed an elf
    16 | D:1      | Noticed a vampire
    18 | D:1      | Noticed a formicid
    18 | D:1      | Noticed a dwarf
    20 | D:1      | Noticed a merfolk
    20 | D:1      | Noticed a troll
    22 | D:1      | Noticed a vine stalker
    22 | D:1      | Noticed a human
    24 | D:1      | Noticed a demonspawn
   210 | D:1      | Discovered your monstrous ancestry.
   210 | D:1      | Gained mutation: You have a pair of small horns on your
                  | head. [demonic ancestry]
   210 | D:1      | Reached XP level 2. HP: 24/24 MP: 2/2
  1183 | D:2      | Gained mutation: Spells you cast may paralyse adjacent
                  | enemies. [demonic ancestry]
  1183 | D:2      | Reached XP level 3. HP: 29/29 MP: 3/3
  1260 | D:2      | Found Darugowa's Jewellery Shoppe.
  1297 | D:2      | Quit the game

Illustrated notes

Levels and vault maps discovered:
D:1:      kb_arrival_jail, layout_loops_corners
D:2:      layout_loops_cross, serial_shops,
          nicolae_shop_competitors_out_of_business,
          shapermc_ecumenical_altar_starsandcircs, basic_altar

Skill      XL: |  1  2 |
---------------+-------+-----
Shields        | 3 |  3.0
Armour         | 3 |  3.1
Fighting       | |  3.4
Short Blades   | |  1.8
Dodging        | |  0.5

Action                   || total
-------------------------++-------
Melee: Rapier            ||    75
       Headbutt          ||     8
Armor: Scale mail        ||    35
Dodge: Dodged            ||    31
Block: Buckler           ||    15

Table legend: (Time is in decaauts)
 A = Elapsed time spent in this place.
 B = Non-inter-level travel time spent in this place.
 C = Inter-level travel time spent in this place.
 D = Time resting spent in this place.
 E = Time spent auto-exploring this place.
 F = Levels seen in this place.
 G = Mean time per level.
                   A        B        C        D        E       F      G
               +--------+--------+--------+--------+--------+-----+--------+
         Total |   1306 |   1244 |     62 |      0 |   1070 |   2 |  653.0 |
       Dungeon |   1306 |   1244 |     62 |      0 |   1070 |   2 |  653.0 |
               +--------+--------+--------+--------+--------+-----+--------+

Top non-repeatable levels by time:
     D:1: 1134 daAuts
     D:2: 171 daAuts
